Map: Cactus Valley LE (Void)

Players

Mosquito - Winner!

  • Race: Zerg Zerg
  • League: Diamond
  • Spawn Location: 5:00

Musumeci

  • Race: Zerg Zerg
  • League: Diamond
  • Spawn Location: 1:00

VOD

Have the link to the VOD?

Description

Time

  • Played on: March 15, 2017, 8:38 a.m.
  • Length: 9:43
Show
View Real Time Build Order
Export as new Build Order

Mosquito Zerg - Winner!

Build Orders: Pool First 

Get SALT Encoding   

  12  0:00  Drone  
  13  0:12  Overlord  
  13  0:18  Drone  
  14  0:30  Drone x2  
  14  0:34  Drone  
  17  0:48  Spawning Pool  
  16  0:50  Drone  
  16  0:53  Extractor  
  16  0:55  Drone  
  17  1:19  Hatchery  
  16  1:29  Drone x3  
  19  1:43  Zergling x2  
  19  1:46  Queen  
  22  1:54  Overlord  
  22  2:06  Metabolic Boost  
  22  2:14  Zergling x2  
  22  2:15  Zergling x2  
  24  2:23  Drone  
  25  2:30  Drone  
  25  2:33  Drone  
  25  2:34  Queen  
  29  2:41  Baneling Nest  
  28  2:51  Zergling x2  
  28  2:54  Drone  
  28  2:55  Drone  
  28  2:58  Drone  
  31  3:05  Drone  
  32  3:06  Drone, Evolution Chamber  
  32  3:25  Drone  
  32  3:26  Drone  
  34  3:28  Drone  
  34  3:31  Hatchery  
  34  3:38  Drone x2  
  36  3:44  Zerg Melee Weapons Level 1  
  36  3:47  Baneling x2  
  36  3:49  Overlord  
  33  4:11  Zergling x2  
  33  4:12  Spine Crawler, Zergling x10  
  33  4:14  Spine Crawler  
  37  4:18  Zergling x8  
  41  4:26  Zergling x2  
  42  4:32  Lair  
  42  4:37  Roach Warren  
  41  4:48  Overlord  
  41  4:50  Overlord  
  41  4:56  Extractor  
  41  4:57  Queen, Extractor  
  41  5:12  Drone x7  
  46  5:21  Drone x3  
  48  5:29  Drone x3  
  48  5:35  Glial Reconstitution  
  51  5:41  Drone x2  
  53  5:43  Drone  
  53  5:48  Drone x2  
  53  5:49  Drone  
  57  6:03  Overlord x3  
  57  6:10  Zerg Missile Weapons Level 1  
  57  6:13  Evolution Chamber  
  56  6:21  Roach x5  
  66  6:36  Roach x5  
  66  6:37  Roach  
  78  6:46  Zerg Ground Armor Level 1  
  80  6:47  Roach  
  80  6:51  Overlord  
  80  6:58  Overlord  
  80  7:10  Ravager  
  80  7:11  Ravager x3  
  80  7:12  Roach  
  80  7:13  Roach  
  80  7:15  Zergling x2  
  89  7:26  Roach  
  89  7:27  Roach x3  
  89  7:28  Zergling x2  
  97  7:31  Overlord x2  
  95  7:42  Roach x2  
  96  7:50  Ravager  
  92  7:55  Roach x5  
  91  8:02  Zergling x14  
  93  8:12  Roach x3  
  93  8:22  Zergling x6  
  90  8:39  Roach x5  
  100  8:47  Zergling x10  
  103  9:02  Roach  
  105  9:03  Roach x7  
  97  9:13  Roach x3  
  90  9:24  Zergling x14  
  90  9:28  Extractor  
  90  9:29  Extractor  
Show
View Real Time Build Order
Export as new Build Order

Musumeci Zerg 

Build Orders: Pool First 

Get SALT Encoding   

  12  0:01  Drone  
  13  0:08  Drone  
  13  0:14  Extractor  
  13  0:15  Drone  
  15  0:22  Overlord  
  15  0:40  Drone  
  15  0:41  Drone  
  17  0:45  Extractor  
  17  0:49  Spawning Pool  
  15  0:52  Drone  
  15  0:56  Drone  
  17  1:30  Hatchery  
  16  1:35  Queen  
  16  1:37  Drone  
  19  1:41  Drone  
  20  1:53  Metabolic Boost  
  20  1:55  Zergling x2  
  20  1:58  Drone  
  22  2:13  Overlord  
  22  2:29  Roach Warren  
  21  2:31  Queen  
  23  2:37  Drone x2  
  25  3:09  Roach x4  
  25  3:10  Roach  
  34  3:23  Roach  
  36  3:33  Overlord  
  36  3:46  Overlord  
  36  3:53  Drone  
  36  3:54  Drone x7  
  44  4:18  Hatchery  
  43  4:34  Zergling x18  
  52  4:53  Evolution Chamber  
  52  4:54  Roach, Evolution Chamber  
  52  4:55  Evolution Chamber  
  51  5:01  Overlord  
  50  5:14  Drone x6  
  51  5:28  Drone  
  51  5:29  Drone x4  
  51  5:32  Lair  
  55  5:40  Roach  
  55  5:41  Roach  
  57  5:45  Extractor  
  56  5:52  Drone x3  
  56  5:53  Extractor  
  58  6:00  Roach  
  58  6:03  Overlord  
  60  6:14  Zerg Missile Weapons Level 1  
  60  6:19  Overlord x2  
  60  6:20  Overlord  
  60  6:24  Roach x4  
  68  6:30  Glial Reconstitution  
  68  6:37  Overlord x2  
  68  6:39  Roach x2  
  72  6:43  Roach x2  
  72  6:46  Roach  
  84  6:47  Roach x3  
  84  6:56  Roach x2  
  84  7:00  Roach  
  90  7:05  Roach  
  90  7:06  Roach x2  
  96  7:10  Roach  
  98  7:17  Roach x2  
  98  7:19  Roach x2  
  106  7:35  Roach  
  90  7:51  Roach  
  90  7:52  Roach x8  
  96  8:13  Roach x5  
  94  8:25  Roach x2  
  86  8:36  Roach  
  86  8:37  Roach x4  
  94  9:00  Roach x6  
  96  9:06  Roach  
  90  9:12  Extractor  
  99  9:31  Hatchery  
Tags
 
Add a new tag
Caveats
  • Supply blocks, unpowered buildings, or Contaminate may cause inaccurate times.
  • Supply counts are checked every 10 seconds.